 Dungeon Crawl Stone Soup version 0.27.1-1-g398f81649c (webtiles) character file.

Game seed: 11791186555955643991

9 shoulao the Insei (level 2, -1/18 HPs)
             Began as an Octopode Transmuter on Sept 15, 2021.
             Slain by a jackal (2 damage)
             ... on level 2 of the Dungeon.
             The game lasted 00:00:54 (417 turns).

shoulao the Insei (Octopode Transmuter)              Turns: 417, Time: 00:00:55

Health: -1/18      AC:  1    Str:  9    XL:     2   Next: 16%
Magic:  5/5        EV: 13    Int: 15    God:
Gold:   0          SH:  0    Dex: 12    Spells: 4/5 levels left

rFire    . . .     SeeInvis .     - Unarmed
rCold    . . .     Faith    .   (no shield)
rNeg     . . .     Spirit   .   (helmet restricted)
rPois    .         Reflect  .   (no amulet)
rElec    .         Harm     .   (no ring)
rCorr    .         Rampage  .   (no ring)
Will     .....                  (no ring)
Stlth    ++........             (no ring)
HPRegen  0.06/turn              (no ring)
MPRegen  0.09/turn              (no ring)
                                (no ring)
                                (no ring)

@: no status effects
A: almost no armour, amphibious, 8 rings, camouflage 1, gelatinous body 1,
(nimble swimmer 1), tentacles
a: no special abilities


You were on level 2 of the Dungeon.
You visited 1 branch of the dungeon, and saw 2 of its levels.

Inventory:

Scrolls
 a - a scroll of summoning {unknown}


   Skills:
 + Level 1.2 Fighting
 + Level 2.1 Dodging
 + Level 3.3 Unarmed Combat
 + Level 2.0 Spellcasting
 + Level 2.1 Transmutations


You had 4 spell levels left.
You knew the following spells:

 Your Spells              Type           Power      Damage    Failure   Level
a - Beastly Appendage     Tmut           14%        N/A       10%         1

Your spell library contained the following spells:

 Spells                   Type           Power      Damage    Failure   Level
 Wereblood                Tmut           7%         N/A       14%         2
 Spider Form              Tmut/Pois      2%         N/A       41%         3
 Ice Form                 Ice/Tmut       4%         N/A       82%         4


Dungeon Overview and Level Annotations

Branches:
Dungeon (1/15)

Altars:


Innate Abilities, Weirdness & Mutations

You cannot wear most types of armour.
You are amphibious.
You can wear up to eight rings at the same time.
Your skin changes colour to match your surroundings (Stealth+).
Your rubbery body absorbs attacks. (AC +1, EV +1)
((You are camouflaged near water. (Stealth+)))
You have tentacles for arms and can constrict up to eight enemies at once.


Message History

The bat misses you. x2
A jackal comes into view.
The bat misses you.
The jackal moves out of view.
You tentacle-slap the bat. Your grab misses the bat.
The bat is severely wounded.
The bat hits you but does no damage. The bat closely misses you.
The bat hits you but does no damage.
You tentacle-slap the bat.
You kill the bat!
A jackal comes into view.
The jackal barks!
The jackal barks!
A jackal comes into view.
The jackal barks! x2
You tentacle-slap the jackal but do no damage.
Your grab misses the jackal. The jackal barely misses you.
The jackal bites you.
* * * LOW HITPOINT WARNING * * *
You tentacle-slap the jackal. You grab the jackal.
The jackal is moderately wounded.
You constrict the jackal. The jackal bites you.
* * * LOW HITPOINT WARNING * * *
The jackal bites you.
* * * LOW HITPOINT WARNING * * *
You tentacle-slap the jackal but do no damage.
The jackal is heavily wounded.
You constrict the jackal. The jackal closely misses you.
The jackal pauses to sniff the ground.
The jackal bites you but does no damage.
The jackal closely misses you. The jackal bites you.
* * * LOW HITPOINT WARNING * * *
Unknown command.
You tentacle-slap the jackal.
You kill the jackal!
The jackal closely misses you. The jackal completely misses you.
Unknown command.
You barely miss the jackal. You grab the jackal.
You constrict the jackal, but do no damage.
The jackal bites you.
You die...

### ..####### ####
#........ .)#
#........ #.#
#........
##.#<###h###........
+......@h...........
##+#####h###........
#...................
#......).....#######
#............#
#............#
#............#
##########'##+###.#
#..........##+# #.#


You could see 3 jackals.

Vanquished Creatures
  A dart slug (D:1)
  A jackal (D:2)
  A quokka (D:2)
  A ball python (D:1)
  A bat (D:2)
  2 kobolds
  A rat (D:2)
8 creatures vanquished.

Notes
Turn   | Place    | Note
-------+----------+-------------------------------------------
     0 | D:1      | shoulao the Octopode Transmuter began the quest for the
                  | Orb.
     0 | D:1      | Reached XP level 1. HP: 13/13 MP: 3/3
   314 | D:1      | You fall into a shaft and drop 1 floor!
   372 | D:2      | Reached XP level 2. HP: 6/18 MP: 5/5
   417 | D:2      | Slain by a jackal

Illustrated notes

Levels and vault maps discovered:
D:1:      minmay_arrival_four_circles, layout_basic,
          hellmonk_ecumenical_altar_inner_sanctum
D:2:      layout_basic, serial_glass, glass_columns_a, glass_columns_a,
          serial_shops, nicolae_shop_waterfront, uniq_jessica

Action                   || total
-------------------------++-------
Melee: Unarmed           ||    31
       Constrict         ||     9
       Punch             ||     1
 Stab: Sleeping          ||     2
Armor: Skin              ||     7
Dodge: Dodged            ||    38
